 Dungeon Crawl Stone Soup version 0.17-a0-1515-gfae3d72 (webtiles) character file.

427 matakusis the Insei (level 6, 0/51 HPs)
             Began as a Draconian Transmuter on July 12, 2015.
             Was a Believer of Jiyva.
             Killed from afar by an orc wizard (4 damage)
             ... with a magic dart
             ... on level 4 of the Dungeon.
             The game lasted 00:29:00 (3589 turns).

matakusis the Insei (Draconian Transmuter)          Turns: 3589, Time: 00:29:00

Health: 0/51       AC:  2    Str: 13    XL:     6   Next: 65%
Magic:  7/10       EV: 21    Int: 13    God:    Jiyva [**....]
Gold:   120        SH:  0    Dex: 18    Spells: 3 memorised, 5 levels left

rFire  . . .     SeeInvis .       - Unarmed
rCold  . . .     Clarity  .     (armour unavailable)
rNeg   . . .     SustAt   .     (shield currently unavailable)
rPois  x         Gourm    .     (helmet currently unavailable)
rElec  .         Spirit   .     (cloak currently unavailable)
rCorr  +         Warding  .     (gloves currently unavailable)
rMut   .         Stasis   .     (boots currently unavailable)
MR     .....                    g - amulet of resist corrosion
Stlth  ++........               (no ring)
                                (no ring)

@: spider-form, slowed, very slow, not resistant to hostile enchantments,
unstealthy
A: unfitting armour, (cold-blooded), AC +6
a: End Transformation, Request Jelly, Jelly Paralyse, Renounce Religion


You were on level 4 of the Dungeon.
You worshipped Jiyva.
Jiyva was pleased with you.
You were not hungry.
You were a venomous arachnid creature.
You visited 1 branch of the dungeon, and saw 4 of its levels.

You collected 120 gold pieces.

Inventory:

Missiles
 a - 42 arrows
 f - 13 arrows of frost
Armour
 e - a cursed +0 cloak (melded)
Jewellery
 g - an amulet of resist corrosion (around neck)
Scrolls
 h - a scroll of immolation
 i - a scroll of noise {unknown}
 m - 3 scrolls of recharging {unknown}
Potions
 l - a potion of cure mutation {unknown}
Books
 b - a book of Changes

   Spells                             Type                      Level
   a - Beastly Appendage              Transmutation                1
   b - Sticks to Snakes               Transmutation                2
   c - Spider Form                    Transmutation/Poison         3
   d - Ice Form                       Ice/Transmutation            4
   e - Blade Hands                    Transmutation                5
Comestibles
 c - a bread ration
 d - 5 fruits
 j - a meat ration
 k - a slice of pizza
 n - 2 chunks of flesh


   Skills:
 * Level 3.2 Fighting
 + Level 3.4 Dodging
 - Level 0.6 Stealth
 + Level 4.0 Unarmed Combat
 + Level 3.0 Spellcasting
 * Level 3.9 Transmutations
 - Level 0.2 Poison Magic


You had 5 spell levels left.
You knew the following spells:

 Your Spells              Type           Power        Failure   Level  Hunger
a - Beastly Appendage     Trmt           ##....       17%         1    #......
b - Sticks to Snakes      Trmt           ##........   24%         2    ##.....
c - Spider Form           Trmt/Pois      #.........   56%         3    ###....


Dungeon Overview and Level Annotations

Branches:
Dungeon (4/15)
 Temple: D:4-7

Altars:
Gozag
Makhleb
Nemelex Xobeh
Xom
Jiyva


Innate Abilities, Weirdness & Mutations

((Your plain brown scales are hard (AC +6).))
Your body does not fit into most forms of armour.
((You are cold-blooded and may be slowed by cold attacks.))


Message History

You turn into a venomous arachnid creature.
Your cursed +0 cloak melds into your body.
You miss something. Something barely misses you. Something hits you.
You hit something but do no damage.
You hear some strange, mumbled words.
A puff of frost appears from out of thin air!
The puff of frost hits you!
* * * LOW HITPOINT WARNING * * *
Something hits you but does no damage.
Drink which item? (? for menu, Esc to quit)
Okay, then.
Unknown command.
You hear some strange, mumbled words.
A puff of frost appears from out of thin air!
The puff of frost hits you!
* * * LOW HITPOINT WARNING * * *
You hear some strange, mumbled words.
A magic dart appears from out of thin air!
The magic dart hits you!
You die...

#. ######### #.
#.......#
####.###.......#
.......#.......#
#(.......<..#
#.##...........#
#..............#
#..##...s......#
#.......########
......#o#
##.####o#
........######
##...........#
...##...###.#.#
.# #####


You could see an orc wizard and an orc.

Vanquished Creatures
  Sigmund (D:2)
  A giant frog (D:3)
  A crimson imp (D:3)
  An iguana (D:4)
  9 adders
  2 oozes (D:1)
  4 giant geckos
  2 orcs (D:3)
  A ball python (D:2)
  12 bats
  7 giant cockroaches
  11 goblins
  10 hobgoblins
  5 giant newts
  2 jackals (D:2)
  13 kobolds
  9 rats
91 creatures vanquished.

Vanquished Creatures (collateral kills)
  An adder (D:2)
  A rat (D:2)
2 creatures vanquished.

Vanquished Creatures (others)
  A phantom (D:4)
  2 worker ants (D:4)
  5 orcs (D:4)
  A giant cockroach (D:3)
  A rat (D:3)
10 creatures vanquished.

Grand Total: 103 creatures vanquished

Notes
Turn   | Place    | Note
--------------------------------------------------------------
     0 | D:1      | matakusis the Draconian Transmuter began the quest for the Orb.
     0 | D:1      | Reached XP level 1. HP: 16/16 MP: 3/3
    88 | D:1      | Found a sparkling altar of Nemelex Xobeh.
   193 | D:1      | Reached XP level 2. HP: 21/23 MP: 5/5
   210 | D:1      | Learned a level 2 spell: Sticks to Snakes
   730 | D:1      | Reached XP level 3. HP: 21/28 MP: 3/6
  1730 | D:2      | Reached XP level 4. HP: 28/36 MP: 7/7
  1803 | D:2      | Noticed Sigmund
  1853 | D:2      | Killed Sigmund
  1853 | D:2      | Reached XP level 5. HP: 40/42 MP: 0/8
  2064 | D:2      | Learned a level 3 spell: Spider Form
  2297 | D:3      | Found an opulent altar of Gozag.
  2554 | D:3      | Reached XP level 6. HP: 29/50 MP: 4/10
  2692 | D:3      | Found a faded altar to an unknown god.
  2722 | D:3      | Became a worshipper of Jiyva Jecaemmo the Shapeless
  2722 | D:3      | Acquired Jiyva's first power
  2809 | D:3      | Found a shimmering altar of Xom.
  2809 | D:3      | Found a burning altar of Makhleb.
  3433 | D:4      | Reached skill level 4 in Unarmed Combat
  3563 | D:4      | Acquired Jiyva's second power
  3589 | D:4      | Killed from afar by an orc wizard

Vault maps used:
D:1:      scummos_arrival_forest, wad_floor_pattern_untrapped, minivault_4,
          nemelex_altar_shiori
D:2:      uniq_sigmund
D:3:      grunt_temple_overflow_champion_of_chaos, nicolae_gozag_seed_capital,
          ecumenical_altar_1
D:4:      minitemple

Action                   |  1- 3 |  4- 6 || total
-------------------------+-------+-------++-------
Melee: Unarmed           |   230 |   212 ||   442
 Cast: Beastly Appendage |     6 |    15 ||    21
       Sticks to Snakes  |     2 |     6 ||     8
       Spider Form       |       |     8 ||     8
Invok: Request Jelly     |       |     1 ||     1
  Use: Potion            |     1 |     2 ||     3
       Scroll            |       |     4 ||     4
 Stab: Sleeping          |     1 |     1 ||     2
  Eat: Chunk             |     3 |     7 ||    10
       Beef jerky        |       |     1 ||     1
